 Dungeon Crawl Stone Soup version 0.26-a0-438-g4b1dca4f87 (webtiles) character file.

Game seed: 16388024844752056689

35 ReteAZ the Poker (level 3, -1/27 HPs)
             Began as a Merfolk Gladiator on July 26, 2020.
             Slain by a hobgoblin
             ... wielding a +0 club
             ... led by Robin
              (3 damage)
             ... on level 3 of the Dungeon.
             The game lasted 00:00:55 (908 turns).

ReteAZ the Poker (Merfolk Gladiator)                 Turns: 908, Time: 00:00:56

Health: -1/27      AC:  4    Str: 15    XL:     3   Next: 35%
Magic:  3/3        EV: 14    Int:  7    God:
Gold:   51         SH:  0    Dex: 15    Spells: 2/2 levels left

rFire    . . .     SeeInvis .   a - +0 trident
rCold    . . .     Faith    .   (no shield)
rNeg     . . .     Spirit   .   b - +0 leather armour
rPois    .         Reflect  .   c - +0 helmet
rElec    .         Harm     .   (no cloak)
rCorr    .                      (no gloves)
MR       .....                  (no boots)
Stlth    +.........             (no amulet)
HPRegen  0.09/turn              (no ring)
MPRegen  0.08/turn              (no ring)

@: no status effects
A: change form in water, swift swim, stealthy swim
a: no special abilities


You were on level 3 of the Dungeon.
You visited 1 branch of the dungeon, and saw 3 of its levels.

You collected 51 gold pieces.

Inventory:

Hand Weapons
 a - a +0 trident (weapon)
Missiles
 d - 2 throwing nets (quivered)
Armour
 b - a +0 leather armour (worn)
 c - a +0 helmet (worn)
Jewellery
 j - an uncursed ring of protection from magic {unknown}
Scrolls
 e - a scroll of remove curse {unknown}
 h - 2 scrolls of enchant armour {unknown}
 k - a scroll of teleportation {unknown}
Potions
 f - a potion of heal wounds {unknown}
 g - a potion of invisibility {unknown}
 i - 3 potions of curing {unknown}


   Skills:
 - Level 2.1 Fighting
 + Level 6.3 Polearms
 - Level 2.0 Throwing
 - Level 4.0 Dodging


You had 2 spell levels left.
You didn't know any spells.
Your spell library was empty.

Dungeon Overview and Level Annotations

Branches:
Dungeon (3/15)

Altars:
The Shining One

Annotations:
D:2 Robin


Message History

The stone misses you. The hobgoblin misses you.
A hobgoblin comes into view.
The goblin closely misses you.
Found a black potion.
There is a stone staircase leading down here.
The hobgoblin shouts!
The goblin wields a +0 hunting sling.
The goblin shoots a sling bullet.
The sling bullet barely misses you. The hobgoblin hits you with a +0 club.
* * * LOW HITPOINT WARNING * * *
You climb downwards.
There is a stone staircase leading up here.
Throwing (i - inventory)
d - 3 throwing nets (quivered)
Press: ? - help, Shift-Dir - straight line, f - hobgoblin
Aim: a hobgoblin, wielding a +0 club (strong)
You throw a throwing net.
The throwing net completely misses the hobgoblin.
The throwing net hits the goblin.
The goblin is caught in the net!
The hobgoblin hits you with a +0 club.
You die...

###
..#
#.#
#.#
#@#
#g#
#g.#
##.#
.#
.#
##


You could see a hobgoblin (strong) and a goblin (strong, caught).

Vanquished Creatures
  2 oozes
  A leopard gecko (D:1)
  A giant cockroach (D:2)
  2 goblins (D:1)
  2 hobgoblins (D:1)
  6 jackals (D:1)
  5 bats (D:1)
  A frilled lizard (D:1)
  A kobold (D:1)
  2 rats (D:1)
23 creatures vanquished.

Notes
Turn   | Place    | Note
-------+----------+-------------------------------------------
     0 | D:1      | ReteAZ the Merfolk Gladiator began the quest for the Orb.
     0 | D:1      | Reached XP level 1. HP: 16/16 MP: 1/1
    92 | D:1      | Reached skill level 5 in Polearms
   116 | D:1      | Reached XP level 2. HP: 22/22 MP: 2/2
   171 | D:1      | Found a glowing golden altar of the Shining One.
   470 | D:1      | Reached skill level 6 in Polearms
   470 | D:1      | Reached XP level 3. HP: 27/27 MP: 3/3
   894 | D:2      | Noticed Robin
   908 | D:3      | Slain by a hobgoblin

Illustrated notes

Levels and vault maps discovered:
D:1:      eino_arrival_druids_welcome, layout_basic, palyth_stone_intersect,
          tso_metal_star
D:2:      layout_basic, lemuel_zombie_altar_yredelemnul, grunt_decor_arrowhead,
          supply_closet_lemuel, uniq_sigmund, uniq_robin
D:3:      layout_loops_cross, bloody_trog

Skill      XL: |  1  2 |
---------------+-------+-----
Polearms       | 5 6 |  6.3
Fighting       | |  2.1
Throwing       | |  2.0
Dodging        | |  4.0

Action                   || total
-------------------------++-------
Melee: Trident           ||    70
Throw: Throwing net      ||     1
 Stab: Sleeping          ||     2
Armor: Leather armour    ||    20
Dodge: Dodged            ||    61

Table legend: (Time is in decaauts)
 A = Elapsed time spent in this place.
 B = Non-inter-level travel time spent in this place.
 C = Inter-level travel time spent in this place.
 D = Time resting spent in this place.
 E = Time spent auto-exploring this place.
 F = Levels seen in this place.
 G = Mean time per level.
                   A        B        C        D        E       F      G
               +--------+--------+--------+--------+--------+-----+--------+
         Total |    908 |    882 |     26 |      0 |    751 |   3 |  302.7 |
       Dungeon |    908 |    882 |     26 |      0 |    751 |   3 |  302.7 |
               +--------+--------+--------+--------+--------+-----+--------+

Top non-repeatable levels by time:
     D:1: 865 daAuts
     D:2: 41 daAuts
     D:3: 1 daAuts
